 Dungeon Crawl Stone Soup version 0.21.1-1-g345015fe64 (webtiles) character file.

35 Lusmu the Sneak (level 3, -1/22 HPs)
             Began as a Tengu Assassin on Apr 21, 2018.
             Slain by Robin
             ... wielding a +0 mace
              (7 damage)
             ... on level 2 of the Dungeon.
             The game lasted 00:04:04 (1787 turns).

Lusmu the Sneak (Tengu Assassin)                    Turns: 1787, Time: 00:04:04

Health: -1/22      AC:  4    Str: 11    XL:     3   Next: 33%
Magic:  4/4        EV: 11    Int: 17    God:
Gold:   138        SH:  0    Dex: 15    Spells: 2/2 levels left

rFire    . . .     SeeInvis .   q - +2 dagger
rCold    . . .     Gourm    .   (no shield)
rNeg     . . .     Faith    .   a - +0 leather armour
rPois    .         Spirit   .   (helmet restricted)
rElec    .         Reflect  .   d - +0 cloak
rCorr    .         Harm     .   (no gloves)
MR       .....                  (boots unavailable)
Stlth    +++.......             (no amulet)
HPRegen  0.07/turn              (no ring)
MPRegen  0.09/turn              (no ring)

@: brilliant
A: beak, talons 3
a: no special abilities


You were on level 2 of the Dungeon.
You were not hungry.

You visited 1 branch of the dungeon, and saw 2 of its levels.

You collected 138 gold pieces.

Inventory:

Hand Weapons
 e - a +0 blowgun
 q - a +2 dagger (weapon)
Missiles
 b - 24 poisoned needles
 f - 2 curare-tipped needles
 h - 74 stones (quivered)
Armour
 a - a +0 leather armour (worn)
 d - a +0 cloak (worn)
Scrolls
 c - a scroll of remove curse {unknown}
 j - 2 scrolls of identify
 k - 2 scrolls of blinking
 l - 2 scrolls of teleportation {unknown}
 m - a scroll of random uselessness {unknown}
Potions
 i - a potion of agility
 n - a potion of brilliance
Comestibles
 g - 5 rations


   Skills:
 + Level 2.4 Fighting
 * Level 3.0 Short Blades
 - Level 2.0 Throwing
 - Level 1.1 Dodging
 * Level 4.5 Stealth


You had 2 spell levels left.
You didn't know any spells.

Dungeon Overview and Level Annotations

Branches:
Dungeon (2/15)

Altars:
Qazlal
Xom

Annotations:
D:2 Robin


Innate Abilities, Weirdness & Mutations

You have a beak for a mouth.
You have claws for feet.


Message History

Robin throws the goblin at you! The goblin hits you.
You miss the goblin. Your peck misses the goblin.
The goblin is moderately wounded.
The goblin hits you but does no damage.
You hit the goblin.
You kill the goblin!
Robin closely misses you.
Wield which item (- for none, * to show all)? (? for menu, Esc to quit)
Okay, then.
You hit Robin. Your kick misses Robin.
Robin is moderately wounded.
You hit Robin.
Robin is heavily wounded.
Robin hits you with a mace.
* * * LOW HITPOINT WARNING * * *
Okay, then.
It was a potion of brilliance.
You feel clever all of a sudden. Robin hits you with a mace!
You die...

.# ##.# ##+#######.. .#
#..# #........## .###
#.## #..#####.# ÷..#
#.# ##..# #.# ##.# #.#
##...#####.## ##.#
###.###
####..)..#...... ##.#
#.....#
#..........##.## ##.#
#.)...###.###..)<.....#
...#
#.....†@g......##.#####
####
#.....###.####.##.# #
#.....# ... .. ..# #
####### #####.#### #.
#. #. ## .#


You could see Robin.

Vanquished Creatures
  A dart slug (D:2)
  A leopard gecko (D:1)
  2 giant cockroaches
  11 goblins
  4 hobgoblins
  5 kobolds
  A ball python (D:1)
  4 bats
29 creatures vanquished.

Notes
Turn   | Place    | Note
-------+----------+-------------------------------------------
     0 | D:1      | Lusmu the Tengu Assassin began the quest for the Orb.
     0 | D:1      | Reached XP level 1. HP: 12/12 MP: 2/2
   207 | D:1      | Reached XP level 2. HP: 17/17 MP: 3/3
   723 | D:1      | Found a shadowy altar of Dithmenos.
   725 | D:1      | Found a shimmering altar of Xom.
   725 | D:1      | Found a deep blue altar of Sif Muna.
   727 | D:1      | Found an iron altar of Okawaru.
   727 | D:1      | Found a shadowy altar of Dithmenos.
   727 | D:1      | Found an ancient bone altar of Kikubaaqudgha.
  1282 | D:2      | Found a stormy altar of Qazlal.
  1320 | D:2      | Noticed Robin
  1382 | D:1      | Reached XP level 3. HP: 6/21 MP: 4/4
  1787 | D:2      | Slain by Robin

Skill      XL: |  1  2  3 |
---------------+----------+-----
Short Blades   | 3 |  3.0
Fighting       | |  2.4
Throwing       | |  2.0
Dodging        | |  1.1
Stealth        | |  4.5

Action                   || total
-------------------------++-------
Melee: Dagger            ||    70
       Peck              ||    10
       Kick              ||     9
  Use: Scroll            ||     2
       Potion            ||     1
 Stab: Sleeping          ||     4
  Eat: Chunk             ||     3
Armor: Robe              ||    13
       Leather armour    ||    11
Dodge: Dodged            ||    40
